 Dungeon Crawl Stone Soup version 0.29.1 (webtiles) character file.

Game seed: 15038126741460068510

663 vvl the Stinger (level 7, 0/51 HPs)
             Began as a Demonspawn Venom Mage on Sept 14, 2022.
             Succumbed to a water moccasin's poison
             ... on level 5 of the Dungeon.
             The game lasted 00:09:37 (5757 turns).

vvl the Stinger (Demonspawn Venom Mage)             Turns: 5757, Time: 00:09:37

Health: 0/51       AC:  9    Str: 14 (15) XL:     7   Next: 31%
Magic:  5/11       EV: 11    Int: 16 (18) God:
Gold:   266        SH:  5    Dex: 18 (19) Spells: 11/12 levels left

rFire   + . .      SeeInvis .   a - +0 short sword
rCold   . . .      Faith    .   c - +0 buckler
rNeg    . . .      Spirit   .   r - +2 ring mail {rF+}
rPois   .          Reflect  .   (helmet restricted)
rElec   .          Harm     .   (no cloak)
rCorr   .          Rampage  .   (no gloves)
Will    .....                   (no boots)
Stlth   ++........              (no amulet)
HPRegen 1.17/turn               i - +6 ring of dexterity
MPRegen 0.12/turn               o - +6 ring of strength

@: lethally poisoned (0 -> -14), attractive
A: horns 1, yellow scales 1, powered by death 3
a: no special abilities


You were on level 5 of the Dungeon.
You visited 1 branch of the dungeon, and saw 5 of its levels.

You collected 266 gold pieces.

Inventory:

Hand Weapons
 a - a +0 short sword (weapon)
Armour
 c - a +0 buckler (worn)
 r - a +2 ring mail of fire resistance (worn)
Jewellery
 i - a +6 ring of dexterity (left hand)
 o - a +6 ring of strength (right hand)
Scrolls
 e - a scroll of fear {unknown}
 h - a scroll of poison {unknown}
 j - 4 scrolls of identify {unknown}
 m - 4 scrolls of teleportation {unknown}
 n - 3 scrolls of immolation {unknown}
 q - 4 scrolls of fog {unknown}
 t - a scroll of vulnerability {unknown}
 u - 3 scrolls of magic mapping {unknown}
Potions
 b - a potion of magic
 d - a potion of attraction
 f - a potion of ambrosia {unknown}
 g - a potion of berserk rage {unknown}
 k - a potion of resistance {unknown}
 p - a potion of haste {unknown}
 s - a potion of curing {unknown}
 v - a potion of flight {unknown}


   Skills:
 + Level 2.6 Fighting
 + Level 2.5 Armour
 + Level 3.2 Dodging
 - Level 2.0 Stealth
 + Level 2.3 Shields
 + Level 3.2 Spellcasting
 + Level 2.7 Transmutations
 + Level 4.2 Poison Magic


You had 11 spell levels left.
You knew the following spells:

 Your Spells              Type           Power      Damage    Failure   Level
a - Sting                 Tmut/Pois      52%        1d5       12%         1

Your spell library contained the following spells:

 Spells                   Type           Power      Damage    Failure   Level
 Poisonous Vapours        Pois/Air       18%        N/A       30%         2
 Mephitic Cloud           Conj/Pois/Air  7%         N/A       63%         3
 Olgreb's Toxic Radiance  Pois           16%        N/A       65%         4


Dungeon Overview and Level Annotations

Branches:
Dungeon (5/15)
 Temple: D:4-7

Altars:
Ashenzari
Nemelex Xobeh
Okawaru
Trog
Vehumet
Xom
Yredelemnul


Innate Abilities, Weirdness & Mutations

You have a pair of small horns on your head.
You are partially covered in yellow scales. (AC +2)
You regenerate a lot of health from kills.


Message History

You are more poisoned.
The water moccasin poisons you!
Casting: Sting (safe; 10% risk of failure)
Confirm with . or Enter, or press ? or * to list all spells.
Aiming: Sting (safe; 10% risk of failure)
Press: ? - help, Shift-Dir - straight line, f/p - water moccasin
Aim: a water moccasin (lightly wounded, poisoned, 57% to hit)
The sting hits the water moccasin.
The water moccasin partially resists.
The water moccasin is lightly wounded.
You feel very sick.
The water moccasin bites you but does no damage.
The goblin zaps a wand.
The puff of flame hits you. You resist.
Casting: Sting (safe; 10% risk of failure)
Confirm with . or Enter, or press ? or * to list all spells.
Aiming: Sting (safe; 10% risk of failure)
Press: ? - help, Shift-Dir - straight line, f/p - water moccasin
Aim: a water moccasin (lightly wounded, poisoned, 57% to hit)
The sting misses the water moccasin.
You feel very sick.
The water moccasin bites you but does no damage.
The goblin zaps a wand.
The puff of flame hits you. You resist. The water moccasin bites you.
You are more poisoned.
The water moccasin poisons you!
* * * LOW HITPOINT WARNING * * *
You feel very sick.
The goblin zaps a wand.
You block the puff of flame.
You feel very sick.
It was a potion of attraction.
You feel attractive to monsters.
You feel very sick. The water moccasin bites you.
* * * LOW HITPOINT WARNING * * *
You are lethally poisoned!
The water moccasin poisons you!
The water moccasin bites you but does no damage.
It was a potion of degeneration.
There was something very wrong with that liquid.
You feel weakened.
You feel dopey.
You feel clumsy.
You die...

#.<###....#
##..##...#..
#..##....##.
#..#.....#
##.#.....#
#..#######
##.## #..#
#@##
#####S#######
#....g.......
#.....†.......
#...#.........
#.............
#.#._.#.......
#..... .......
#...#. .......


You could see a water moccasin (poisoned) and a goblin.

Vanquished Creatures
  2 ogres
  2 phantoms (D:5)
  A hound (D:4)
  An orc priest (D:2)
  An orc wizard (D:2)
  Terence (D:3)
  An iguana (D:5)
  11 adders
  A gnoll (D:1)
  2 worms
  A dart slug (D:5)
  5 orcs
  3 ball pythons
  6 endoplasms
  5 giant cockroaches
  10 hobgoblins
  4 quokkas
  4 bats
  10 frilled lizards
  10 goblins
  6 kobolds
  6 rats
  A spectral orc (D:4)
94 creatures vanquished.

Notes
Turn   | Place    | Note
-------+----------+-------------------------------------------
     0 | D:1      | vvl the Demonspawn Venom Mage began the quest for the Orb.
     0 | D:1      | Reached XP level 1. HP: 13/13 MP: 3/3
    81 | D:1      | Found a faded altar of an unknown god.
   307 | D:1      | Reached skill level 1 in Transmutations
   462 | D:1      | Gained mutation: You have a pair of small horns on your
                  | head. [demonic ancestry]
   462 | D:1      | Reached XP level 2. HP: 16/19 MP: 5/5
  1149 | D:1      | Gained mutation: You regenerate a little health from kills.
                  | [demonic ancestry]
  1149 | D:1      | Reached XP level 3. HP: 24/25 MP: 4/6
  1896 | D:2      | Reached skill level 1 in Fighting
  1896 | D:2      | Reached skill level 1 in Armour
  1896 | D:2      | Gained mutation: You regenerate health from kills. [demonic
                  | ancestry]
  1896 | D:2      | Reached XP level 4. HP: 19/32 MP: 3/7
  2238 | D:2      | Reached skill level 1 in Shields
  2747 | D:3      | Gained mutation: You regenerate a lot of health from kills.
                  | [demonic ancestry]
  2747 | D:3      | Reached XP level 5. HP: 37/37 MP: 2/8
  2822 | D:3      | Found a shimmering altar of Xom.
  2822 | D:3      | Found a sparkling altar of Nemelex Xobeh.
  2945 | D:3      | Noticed Terence
  2999 | D:3      | Killed Terence
  4429 | D:4      | Found a broken altar of Ashenzari.
  4434 | D:4      | Found an iron altar of Okawaru.
  4439 | D:4      | Gained mutation: You are partially covered in yellow
                  | scales. (AC +2) [demonic ancestry]
  4439 | D:4      | Reached XP level 6. HP: 43/44 MP: 7/10
  4661 | D:4      | Found a bloodstained altar of Trog.
  4821 | D:4      | Found a basalt altar of Yredelemnul.
  5352 | D:5      | Entered Level 5 of the Dungeon
  5370 | D:5      | Reached skill level 4 in Poison Magic
  5591 | D:5      | Reached XP level 7. HP: 45/51 MP: 4/11
  5731 | D:5      | Found a radiant altar of Vehumet.
  5757 | D:5      | Succumbed to a water moccasin's poison

Illustrated notes

Levels and vault maps discovered:
D:1:      dpeg_arrival_court, layout_basic,
          hellmonk_ecumenical_altar_crossroads, minmay_lizard_pond
D:2:      cheibrodos_pilgrimage, layout_loops_ring, st_stairs_13
D:3:      layout_rooms, minitemple, serial_rivers,
          chequers_serial_rivers_micro_b, chequers_serial_rivers_room_a,
          chequers_serial_rivers_micro_c, chequers_serial_rivers_micro_a,
          chequers_serial_rivers_micro_a, chequers_serial_rivers_small_b,
          minmay_goblin_outpost, uniq_terence
D:4:      layout_basic, mainiacjoe_overflow_brackets, okawaru_metal_pillars_1_2,
          ashenzari_altar_1, yredelemnul_forgotten_temple_becter, serial_rivers,
          chequers_serial_rivers_large_a, chequers_serial_rivers_micro_a,
          chequers_serial_rivers_micro_d, chequers_serial_rivers_small_b
D:5:      layout_cave_pods, vehumet_altar_wand_db,
          minmay_temple_entry_purple_smoke

Skill      XL: |  1  2  3  4  5  6 |
---------------+-------------------+-----
Transmutations | 1 2 |  2.7
Dodging        | 2 3 |  3.2
Stealth        | 2 |  2.0
Fighting       | 1 2 |  2.6
Armour         | 1 2 |  2.5
Shields        | 1 2 |  2.3
Spellcasting   | 3 |  3.2
Poison Magic   | 4 |  4.2

Action                   |  1- 3 |  4- 6 |  7- 9 || total
-------------------------+-------+-------+-------++-------
Melee: Dagger            |    64 |    10 |       ||    74
       Headbutt          |     9 |    17 |     6 ||    32
       Short sword       |       |    80 |    31 ||   111
 Cast: Sting             |    43 |   109 |    12 ||   164
  Use: Potion            |       |       |     2 ||     2
 Stab: Sleeping          |     2 |     1 |       ||     3
Armor: Robe              |    15 |     1 |       ||    16
       Leather armour    |       |     6 |       ||     6
       Ring mail         |       |    57 |    19 ||    76
Dodge: Dodged            |    45 |    76 |    20 ||   141
Block: Buckler           |    10 |    45 |    15 ||    70
